[Event "Live Chess"]
[Site "Chess.com"]
[Date "2023.05.21"]
[Round "-"]
[White "RoaringKnights"]
[Black "lateforthesky"]
[Result "0-1"]
[WhiteElo "1034"]
[BlackElo "2116"]
[TimeControl "300"]
[EndTime "2:49:58 PDT"]
[Termination "lateforthesky won by checkmate"]

1. e4 c5 2. Nf3 Nf6 3. Bc4 e6 4. d4 Nxe4 5. dxc5 Nxc5 6. Nc3 d5 7. Bb5+ Bd7 8. Bxd7+ Qxd7 9. Bf4 Nc6 10. O-O b6 11. a3 Bd6 12. Bxd6 Qxd6 13. Re1 O-O 14. b4 Nd7 15. Qd3 Nf6 16. Re3 Rfd8 17. Ne2 e5 18.
Rd1 e4 19. Qc3 exf3 20. Rxf3 Rac8 21. Qb2 Ne5 22. Rg3 Ng6 23. h3 h5 24. Qd4 Rc4 25. Qd3 Nf4 26. Nxf4 Rxf4 27. Qe3 Re8 28. Qc3 Rfe4 29. Rf3 d4 30. Qd2 Qe5 31. Rg3 Re1+ 32. Kh2 Rxd1 33. Qxd1 h4 34. Qf3 hxg3+ 35. Qxg3 Qxg3+ 36. Kxg3 Re2 37. Kf3 Rxc2 38. Kf4 Re2 39. g4 d3 40. g5 Nd5+ 41. Kf3 Nc3 42. h4 d2 43. h5 d1=Q 44. Kf4 Re4+ 45. Kg3 Qg4+ 46. Kh2 Re2 47.
Kh1 Rxf2 48. h6 Qg2# 0-1

[Event "Live Chess"]
[Site "Chess.com"]
[Date "2023.05.21"]
[Round "-"]
[White "tpm07"]
[Black "Crowded_House"]
[Result "1/2-1/2"]
[WhiteElo "1932"]
[BlackElo "1669"]
[TimeControl "300"]
[EndTime "2:50:16 PDT"]
[Termination "Game drawn by repetition"]

1. e4 e6 2. Nf3 d5 3. Nc3 dxe4 4. Nxe4 Nf6 5. Nxf6+ Qxf6 6. d4 h6 7. Bd3 Bd6 8. c3 b6 9. Be4 c6 10. a4 Bb7 11. a5 bxa5 12. O-O O-O 13. Qe2 Nd7 14.
Rxa5 a6 15. Ne5 Qd8 16. b4 Nxe5 17. dxe5 Bc7 18. Ra1 Qe7 19. f4 Bb6+ 20. Kh1 c5 21. Bxb7 Qxb7 22. f5 exf5 23. Rxf5 cxb4 24. cxb4 Rfe8 25. Qg4 Re6 26. Bf4 Rg6 27. Qe2 Qd7 28. Qe4 Rd8 29. h4 Qd3 30. Qxd3 Rxd3 31. Rxa6 Be3 32. Bxe3 Rxa6 33. Bc5 Ra1+ 34. Kh2 Rd2 35. Rf3 Raa2 36. Rg3 Rd5 37. Bd6 Rb2 38. Rc3 Rdd2 39. Rg3 Rd5 40. Rc3 Rdd2 41. Rg3 Rd5 1/2-1/2

[Event "Live Chess"]
[Site "Chess.com"]
[Date "2023.05.21"]
[Round "-"]
[White "PrinceCharming_1"]
[Black "KeithArkell"]
[Result "0-1"]
[WhiteElo "1619"]
[BlackElo "2511"]
[TimeControl "300"]
[EndTime "2:50:56 PDT"]
[Termination "KeithArkell won by checkmate"]

1. e4 c6 2. d4 d5 3. e5 c5 4. dxc5 Nc6 5. f4 e6 6. Be3 d4 7.
Bf2 Bxc5 8. Nf3 Nge7 9. Bb5 Nf5 10. O-O O-O 11. Re1 Ne3 12. Bxe3 dxe3 13. Qe2 Bd7 14.
Nc3 a6 15. Bd3 Nd4 16. Nxd4 Bxd4 17. Ne4 Bc6 18. c3 Ba7 19. Nd6 f5 20. Rad1 Qe7 21.
Bc4 Rad8 22. a3 b5 23. Bb3 Bc5 24. Rd3 Be4 25. Rdd1 Rd7 26. h3 Ba8 27. Kh1 g5 28. fxg5 f4 29. Qh5 f3 30. Rxe3 fxg2+ 31. Kh2 Bxe3 32.
Bc2 Rxd6 33. exd6 Qxd6+ 34. Rxd6 g1=Q# 0-1

[Event "Live Chess"]
[Site "Chess.com"]
[Date "2023.05.21"]
[Round "-"]
[White "BostonStrangler"]
[Black "Greenbecker"]
[Result "1-0"]
[WhiteElo "2069"]
[BlackElo "1643"]
[TimeControl "300"]
[EndTime "2:51:04 PDT"]
[Termination "BostonStrangler won by resignation"]

1. Nf3 d5 2. c4 Nf6 3. cxd5 Nxd5 4. g3 Bf5 5. Bg2 e6 6. e4 Bxe4 7. Qa4+ Nc6 8. Qxe4 Bc5 9. O-O O-O 10. d4 Nf6 11. Qh4 Nxd4 12. Nxd4 Bxd4 13. Nc3 Bxc3 14. bxc3 c6 15.
Bg5 h6 16. Bxf6 Qxf6 17. Qxf6 gxf6 18. Rab1 Rab8 19. Rfd1 Rfe8 20. Rd7 Red8 21. Rxd8+ Rxd8 22. Rxb7 Rd1+ 23. Bf1 Rc1 24. Rxa7 Rxc3 25. Kg2 Kg7 26. a4 e5 27. a5 Rc2 28. a6 e4 29. Re7 f5 30. a7 Ra2 31. Bc4 Ra5 32. Rxf7+ Kg6 33.
Rc7 1-0

[Event "Live Chess"]
[Site "Chess.com"]
[Date "2023.05.21"]
[Round "-"]
[White "Denz14"]
[Black "WombatIn_A_Box"]
[Result "1-0"]
[WhiteElo "1048"]
[BlackElo "554"]
[TimeControl "300"]
[EndTime "2:51:06 PDT"]
[Termination "Denz14 won by checkmate"]

1. d4 Nc6 2. Nf3 d5 3. Bf4 Nf6 4. e3 e5 5. dxe5 Ne4 6. Bd3 f5 7. exf6 Qxf6 8. Bxe4 Bd6 9. Bxd6 cxd6 10. Qd4 Nxd4 11. Nxd4 O-O 12. Bxd5+ Kh8 13. O-O Re8 14. c3 Re5 15. Bf3 g5 16. Nd2 g4 17. Be2 Rg5 18.
Ne4 Qg6 19. Nxg5 Qxg5 20. Rad1 Bd7 21. b3 Rg8 22. c4 g3 23. fxg3 h5 24. Rf4 Kg7 25. Rdf1 Bc6 26. Rf7+ Kg6 27. Ne6 Qe5 28.
Nf4+ Kxf7 29. Nd3+ Qf6 30. Bxh5+ Rg6 31. Bxg6+ Kxg6 32. Rxf6+ Kxf6 33. Kf2 Be4 34. Nc1 Bb1 35. a4 Ke6 36. Ke2 Kd7 37. Nd3 Ba2 38. Nc1 Bb1 39. e4 Kc6 40. Ke3 Kc5 41. g4 Kb4 42. g5 d5 43. cxd5 Kc5 44. g6 Kd6 45. g7 Ke5 46.
g8=Q Bxe4 47. Qg7+ Kxd5 48. Qd4+ Ke6 49. Qxe4+ Kd6 50.
Nd3 b6 51. Qf4+ Kc6 52. g4 a5 53. Qd4 Kb7 54. g5 Ka6 55. g6 b5 56. g7 bxa4 57.
bxa4 Kb7 58. g8=Q Ka6 59. Qg6+ Kb7 60. Qdg7+ Ka8 61. Qe8# 1-0

[Event "Live Chess"]
[Site "Chess.com"]
[Date "2023.05.21"]
[Round "-"]
[White "wot-not"]
[Black "worldchessleaguelive"]
[Result "0-1"]
[WhiteElo "1547"]
[BlackElo "1358"]
[TimeControl "300"]
[EndTime "2:51:08 PDT"]
[Termination "worldchessleaguelive won by checkmate"]

1. e4 d5 2. e5 Nc6 3. f4 Bf5 4.
Nf3 Qd7 5. d4 a6 6. c3 O-O-O 7.
Be2 h6 8. b4 Be4 9. Nbd2 f5 10. b5 Nb8 11. bxa6 Nxa6 12. Bxa6 bxa6 13. Qe2 Qb5 14. c4 dxc4 15. O-O c3 16. Nc4 e6 17. a4 Qc6 18. Ba3 Bxa3 19. Nxa3 Bxf3 20. Rxf3 Rxd4 21. Rc1 Qxa4 22. Rfxc3 Rd7 23. Nc4 Kd8 24. Qf3 Ne7 25. Qa8+ Nc8 26. Kh1 Rd1+ 27. Rxd1+ Qxd1# 0-1

[Event "Live Chess"]
[Site "Chess.com"]
[Date "2023.05.21"]
[Round "-"]
[White "JoshMcK"]
[Black "LiamBellwood"]
[Result "0-1"]
[WhiteElo "1519"]
[BlackElo "1973"]
[TimeControl "300"]
[EndTime "2:51:11 PDT"]
[Termination "LiamBellwood won by resignation"]

1. e4 e6 2. d4 d5 3. Nc3 Nf6 4. e5 Ng8 5. f4 c5 6. Nf3 Nc6 7. Be3 Nh6 8. Be2 Nf5 9. Bf2 Qb6 10. b3 cxd4 11. Na4 Qa5+ 12. Qd2 Bb4 0-1

[Event "Live Chess"]
[Site "Chess.com"]
[Date "2023.05.21"]
[Round "-"]
[White "gmnorfolk"]
[Black "Mikhail_Golubev"]
[Result "1/2-1/2"]
[WhiteElo "2121"]
[BlackElo "2461"]
[TimeControl "300"]
[EndTime "2:51:27 PDT"]
[Termination "Game drawn by repetition"]

1. d4 Nf6 2. c4 g6 3. Nc3 Bg7 4. e4 d6 5. Be2 O-O 6. Be3 c5 7. d5 e6 8. Nf3 exd5 9. cxd5 b5 10. Bxb5 Nxe4 11. Nxe4 Qa5+ 12. Qd2 Qxb5 13. Nxd6 Qxb2 14. Qxb2 Bxb2 15. Rb1 Bc3+ 16. Nd2 Ba6 17. Rb3 Bb4 18. a3 Ba5 19. Bxc5 Nd7 20. Bb4 Bxb4 21. axb4 Rfd8 22. Ra3 Nb6 23. N6e4 Bb7 24. d6 Bxe4 25. Nxe4 f5 26. Nc5 Nc4 27. Rd3 Rxd6 28. Rxd6 Nxd6 29. Kd2 Rb8 30.
Kc3 Re8 31. Rd1 Nb5+ 32. Kc4 Na3+ 33. Kb3 Nb5 34. Kc4 Rb8 35. Rd7 Na3+ 36. Kb3 Nb5 37. Kc4 Na3+ 38. Kb3 Nb5 39. Kc4 1/2-1/2

[Event "Live Chess"]
[Site "Chess.com"]
[Date "2023.05.21"]
[Round "-"]
[White "wadsy27"]
[Black "Ferrarifan27"]
[Result "0-1"]
[WhiteElo "2555"]
[BlackElo "2112"]
[TimeControl "300"]
[EndTime "2:51:37 PDT"]
[Termination "Ferrarifan27 won by checkmate"]

1. c4 Nf6 2. g3 e5 3. Bg2 Bc5 4. Nc3 O-O 5. Nf3 d6 6. d3 Nc6 7. O-O a6 8. a3 Bg4 9. b4 Ba7 10. h3 Be6 11. Bg5 h6 12. Bh4 g5 13. Nxg5 hxg5 14. Bxg5 Kg7 15. Ne4 Nxe4 16. Bxd8 Nxf2 17. Rxf2 Bxf2+ 18. Kxf2 Raxd8 19. Bxc6 bxc6 20. Qd2 f6 21. h4 Rg8 22. Rh1 Kf7 23. h5 Ke7 24. Qe3 Rg5 25.
h6 Rdg8 26. h7 Rh8 27. Qa7 Kd7 28. Qxa6 Rg7 29. b5 Rhxh7 30. Qxc6+ Kd8 31. Rxh7 Rxh7 32. b6 cxb6 33. Qxd6+ Bd7 34. Qxf6+ Re7 35. Qxb6+ Ke8 36. c5 Kf7 37. c6 Bg4 38. Qd8 Re6 39. c7 Rf6+ 40.
Ke3 Rc6 41. a4 Rc2 42. a5 Rxe2# 0-1

[Event "Live Chess"]
[Site "Chess.com"]
[Date "2023.05.21"]
[Round "-"]
[White "Purple1szed"]
[Black "VovaOvchar1990"]
[Result "1-0"]
[WhiteElo "1824"]
[BlackElo "1222"]
[TimeControl "300"]
[EndTime "2:51:40 PDT"]
[Termination "Purple1szed won by resignation"]

1. e4 e5 2. Nf3 Nc6 3. Bc4 Bc5 4. c3 Nf6 5. d4 exd4 6. e5 Ng4 7. cxd4 Bb4+ 8.
Nbd2 O-O 9. O-O d6 10. h3 Nh6 11. a3 Ba5 12. Nb3 dxe5 13. Nxa5 Nxa5 14. Nxe5 Nf5 15. Ba2 Nxd4 16. Be3 Nf5 17. Bxf7+ Rxf7 18. Qxd8+ 1-0

[Event "Live Chess"]
[Site "Chess.com"]
[Date "2023.05.21"]
[Round "-"]
[White "Richardallis"]
[Black "JanMur7"]
[Result "0-1"]
[WhiteElo "1865"]
[BlackElo "1974"]
[TimeControl "300"]
[EndTime "2:51:52 PDT"]
[Termination "JanMur7 won by resignation"]

1. d4 Nf6 2. Nf3 e6 3. Bg5 Be7 4. Nbd2 h6 5. Bxf6 Bxf6 6. e4 O-O 7. c3 b6 8. Bd3 d6 9. O-O Bb7 10. Qe2 Nd7 11. e5 dxe5 12. dxe5 Bg5 13. Nxg5 Qxg5 14. f4 Qe7 15. Rad1 Nc5 16. Bb1 a5 17. b4 axb4 18. cxb4 Ba6 19. Nc4 Nd7 20. Qd3 g6 21. a4 Qxb4 22. Qxd7 Bxc4 23. Rf2 Rxa4 24. Qxc7 Bd5 25.
Bc2 Ra2 26. f5 gxf5 27. Bxf5 Rxf2 28. Kxf2 Qf4+ 0-1

[Event "Live Chess"]
[Site "Chess.com"]
[Date "2023.05.21"]
[Round "-"]
[White "hturner40"]
[Black "Tech_Titan"]
[Result "1-0"]
[WhiteElo "1816"]
[BlackElo "1107"]
[TimeControl "300"]
[EndTime "2:51:52 PDT"]
[Termination "hturner40 won by resignation"]

1. Nf3 d5 2. g3 Nc6 3. d4 Nf6 4.
Bg2 Bg4 5. O-O e6 6. c4 Bd6 7.
Nc3 O-O 8. Bg5 h6 9. Bxf6 Qxf6 10. cxd5 exd5 11. Nxd5 Qe6 12. Ne3 Bxf3 13. Bxf3 Qf6 14. d5 Nd4 15. Bg2 Rfe8 16. Ng4 Qg5 17. Qxd4 1-0

[Event "Live Chess"]
[Site "Chess.com"]
[Date "2023.05.21"]
[Round "-"]
[White "Tushinskiy"]
[Black "LiamClery2020"]
[Result "1-0"]
[WhiteElo "2149"]
[BlackElo "1984"]
[TimeControl "300"]
[EndTime "2:51:55 PDT"]
[Termination "Tushinskiy won by resignation"]

1. d4 Nf6 2. c3 e6 3. Nf3 d5 4.
Bf4 c5 5. Bg3 Nc6 6. e3 Bd6 7. Bd3 Bxg3 8. hxg3 cxd4 9. exd4 Qc7 10.
Qe2 Bd7 11. Nbd2 O-O-O 12. Ne5 Be8 13. f4 Nd7 14. Nxc6 Qxc6 15. Nf3 f6 16. O-O Bg6 17.
Rfe1 Rde8 18. Qc2 Bxd3 19. Qxd3 h5 20. Re2 Rh6 21. Rae1 Nf8 22. b3 Ng6 23. f5 Nf8 24. fxe6 Rxe6 25. Qf5 Kd7 26. c4 g6 27. cxd5 gxf5 28.
dxc6+ Rxc6 29. Re7+ Kd6 30. Rxb7 Ne6 31. Rxa7 f4 32.
gxf4 Nxf4 33. Nh4 Kd5 34. Ra5+ Kxd4 35. Ra4+ 1-0

[Event "Live Chess"]
[Site "Chess.com"]
[Date "2023.05.21"]
[Round "-"]
[White "Ian-Morley"]
[Black "yeetpizza74"]
[Result "0-1"]
[WhiteElo "1051"]
[BlackElo "495"]
[TimeControl "300"]
[EndTime "2:51:56 PDT"]
[Termination "yeetpizza74 won by checkmate"]

1. e4 c6 2. d4 d5 3. f3 dxe4 4. fxe4 Nf6 5. e5 Nd5 6. Nc3 Nxc3 7. bxc3 Bf5 8. Bc4 e6 9. h4 Be7 10. Bg5 Bxg5 11. hxg5 O-O 12. Qh5 Bg6 13. Qxh7+ Bxh7 14. Rxh7 Kxh7 15. Nf3 f6 16. gxf6 gxf6 17. O-O-O fxe5 18. Rh1+ Kg7 19. Nxe5 Rh8 20. Rxh8 Qxh8 21. Bxe6 Qe8 22. Bg4 Nd7 23. Nf3 Nf6 24. Bh3 Ne4 25. Ne5 Rd8 26.
Kb2 Nf2 27. Bd7 Rxd7 28. Nxd7 Qxd7 29. Kb3 Qe6+ 30. c4 Ne4 31. d5 Nd2+ 32. Kc3 Qe3+ 33. Kb4 Qe2 34. d6 Qe8 35. Kc3 Ne4+ 36. Kb4 Nxd6 37. c5 Nb5 38. a4 Nd4 39. c3 Ne2 40. Ka5 b6+ 41. Ka6 Qc8+ 42. Kxa7 Qc7+ 43. Ka6 bxc5 44. a5 Qh2 45. g4 Qg3 46. g5 Qxg5 47. c4 Qf4 48. Kb6 Qxc4 49. a6 Qb5+ 50. Kc7 Qxa6 51. Kd6 c4 52. Kc5 c3 53. Kb4 c2 54.
Kb3 c1=Q 55. Kb4 Qb6+ 56. Ka4 Qa1# 0-1

[Event "Live Chess"]
[Site "Chess.com"]
[Date "2023.05.21"]
[Round "-"]
[White "chessfiction"]
[Black "whitedjohn"]
[Result "0-1"]
[WhiteElo "2326"]
[BlackElo "1656"]
[TimeControl "300"]
[EndTime "2:52:00 PDT"]
[Termination "whitedjohn won by resignation"]

1. e4 Nf6 2. d4 Nxe4 3. Nc3 Nxc3 4. bxc3 d5 5. Nf3 Bg4 6. Bd3 e6 7. Rb1 b6 8. Qe2 Be7 9. Bf4 O-O 10. h3 Bxf3 11. Qxf3 Bd6 12. Bd2 c5 13. O-O Nd7 14. c4 Nf6 15. Bg5 Be7 16. cxd5 Nxd5 17. Qe4 g6 18. Bxe7 Qxe7 19. Rb3 cxd4 20. Re1 Qf6 21. Bc4 Rad8 22. Rf3 Qg7 23. Rd1 Nc3 24. Rxc3 dxc3 25. Re1 Qd4 26. Qe2 Qd2 27. Qe4 Rd4 28.
Qe5 Rxc4 0-1

[Event "Live Chess"]
[Site "Chess.com"]
[Date "2023.05.21"]
[Round "-"]
[White "PetorPrydatko"]
[Black "stevochess11"]
[Result "0-1"]
[WhiteElo "369"]
[BlackElo "1731"]
[TimeControl "300"]
[EndTime "2:52:15 PDT"]
[Termination "stevochess11 won by checkmate"]

1. e4 c5 2. Bc4 g6 3. Nf3 Bg7 4. O-O Nc6 5. d3 d6 6. Bg5 Bg4 7. Re1 Nf6 8. e5 dxe5 9. Nbd2 O-O 10. Re4 Nd4 11. Rxe5 Qc7 12. Bf4 Nh5 13. Re4 Nxf4 14. Rxd4 cxd4 15. Nxd4 Bxd1 16. Nb5 Qc6 17. Nd4 Qxg2# 0-1

[Event "Live Chess"]
[Site "Chess.com"]
[Date "2023.05.21"]
[Round "-"]
[White "EdenHazard8"]
[Black "Tilbs_12"]
[Result "1-0"]
[WhiteElo "1980"]
[BlackElo "1574"]
[TimeControl "300"]
[EndTime "2:52:18 PDT"]
[Termination "EdenHazard8 won by checkmate"]

1. e4 c6 2. d4 d5 3. e5 c5 4. c3 Nc6 5. Nf3 Bg4 6. Be3 cxd4 7. cxd4 e6 8. Nc3 Nge7 9. a3 Nf5 10. Bb5 Qb6 11.
Bxc6+ bxc6 12. O-O Be7 13. Qd3 Bxf3 14. gxf3 h6 15.
Kh1 Qxb2 16. Rfb1 Qxa3 17. Rxa3 Bxa3 18. Nxd5 cxd5 19. Qxa3 Nxe3 20. fxe3 O-O-O 21. Qc5+ Kd7 22. Rb7+ Ke8 23. Qe7# 1-0

[Event "Live Chess"]
[Site "Chess.com"]
[Date "2023.05.21"]
[Round "-"]
[White "martynstanley"]
[Black "ItsNot_Jasper"]
[Result "0-1"]
[WhiteElo "1010"]
[BlackElo "1349"]
[TimeControl "300"]
[EndTime "2:52:22 PDT"]
[Termination "ItsNot_Jasper won by checkmate"]

1. d4 Nf6 2. e3 e6 3. Bd3 c5 4.
c3 Nc6 5. f4 d5 6. Nf3 c4 7.
Bc2 b5 8. O-O a5 9. Ne5 Nxe5 10.
fxe5 Nd7 11. Qf3 f5 12. exf6 Nxf6 13. Nd2 Be7 14. e4 O-O 15. e5 Nd7 16. Bxh7+ Kxh7 17. Qh5+ Kg8 18. Nf3 Rf5 19. Qg6 Nf8 20. Qg3 g6 21.
Bh6 Kh7 22. Qh3 Rh5 23. Ng5+ Bxg5 24. Rf7+ Kh8 25. Qf3 Bxh6 26. Rf1 Rf5 27. Rxf5 gxf5 28. g3 Qg5 29. b3 Qe3+ 30. Qxe3 Bxe3+ 31. Kg2 Bb7 32.
h4 Nd7 33. Kh3 Rg8 34. Re1 Bh6 35. Re2 f4 36. gxf4 Bxf4 37. Rg2 Rxg2 38. Kxg2 cxb3 39.
axb3 a4 40. bxa4 bxa4 41. Kf3 a3 42. Ke2 a2 43. Kf3 a1=Q 44. Kxf4 Qxc3 45. h5 Qxd4+ 46. Kg5 Qxe5+ 47. Kh4 Qf4+ 48. Kh3 Qf5+ 49. Kg3 Qg5+ 50.
Kf3 d4+ 51. Ke2 Qe3+ 52. Kd1 Bf3+ 53. Kc2 Qc3+ 54. Kb1 Be4+ 55. Ka2 Qa5+ 56. Kb3 Nc5+ 57. Kc4 Qc3+ 58. Kb5 d3 59. h6 d2 60. h7 d1=Q 61. Kb6 Qdb3+ 62. Kc7 Nd3+ 63. Kd8 Qd5+ 64. Ke7 Qc7+ 65. Kf6 Qf5# 0-1

[Event "Live Chess"]
[Site "Chess.com"]
[Date "2023.05.21"]
[Round "-"]
[White "f4nomore"]
[Black "Doge_Dandolo"]
[Result "0-1"]
[WhiteElo "1405"]
[BlackElo "1861"]
[TimeControl "300"]
[EndTime "2:52:33 PDT"]
[Termination "Doge_Dandolo won by resignation"]

1. c4 Nf6 2. Nc3 c5 3. d3 g6 4. Nf3 Bg7 5. e4 d6 6. Bd2 Nc6 7. Be2 O-O 8. O-O Ne8 9. h3 Nc7 10. Nh2 Nd4 11. f4 Bd7 12. Bg4 Rb8 13. Bxd7 Qxd7 14.
Qg4 Qxg4 15. Nxg4 b5 16. b3 a5 17. Rab1 h5 18. Nf2 f5 19. exf5 Rxf5 20. Nfe4 Rff8 21. Nd5 Nxd5 22. cxd5 b4 23. Ng5 Rf5 24. Ne6 Nxe6 25.
dxe6 Rbf8 26. Rbe1 Bd4+ 27. Kh1 g5 28. g3 gxf4 29. gxf4 Kg7 30. Rg1+ Bxg1 31. Rxg1+ Kf6 32. Be3 Kxe6 33. d4 cxd4 34. Bxd4 Rxf4 35. Rg6+ Kd7 36.
Bg7 R8f5 37. Rg2 e5 38. Bh6 Rf1+ 39. Kh2 d5 40. Rg7+ Kc6 41. Rg6+ Kc5 42. Be3+ d4 43. Bh6 e4 44. Rg8 d3 45. Rc8+ Kd4 46. Bg7+ Ke3 47.
Bh6+ Ke2 48. Re8 Kf3 49. Rxe4 Kxe4 0-1

[Event "Live Chess"]
[Site "Chess.com"]
[Date "2023.05.21"]
[Round "-"]
[White "RoaringKnights"]
[Black "McSlash1"]
[Result "0-1"]
[WhiteElo "1034"]
[BlackElo "2008"]
[TimeControl "300"]
[EndTime "2:52:38 PDT"]
[Termination "McSlash1 won by checkmate"]

1. d4 c5 2. Nf3 cxd4 3. Nxd4 Nf6 4. Bf4 g6 5. Nf3 Bg7 6. e3 O-O 7. Bd3 d5 8. c3 Nh5 9. Bg3 Nxg3 10. hxg3 e5 11.
Bc2 Nc6 12. Nbd2 Qb6 13. Nb3 Bg4 14. Qe2 e4 15. Qf1 exf3 16. gxf3 Bxf3 17. Rh2 Ne5 18.
Bd1 Bxd1 19. Rxd1 Nf3+ 20. Ke2 Nxh2 21. Qh3 Nf3 22. Kxf3 Qc6 23. Kg2 d4+ 24. Kh2 dxc3 25.
bxc3 Qxc3 26. Nd4 Qb2 27. Rh1 Qxf2+ 28. Qg2 Qxg2+ 29. Kxg2 Bxd4 30. exd4 Rfd8 31. Kh3 Rxd4 32. g4 Re8 33. Kh4 Re3 34. Kg5 Kg7 35. Rh4 f6# 0-1

[Event "Live Chess"]
[Site "Chess.com"]
[Date "2023.05.21"]
[Round "-"]
[White "Davidagye"]
[Black "Mugzwang"]
[Result "1-0"]
[WhiteElo "1674"]
[BlackElo "1509"]
[TimeControl "300"]
[EndTime "2:53:00 PDT"]
[Termination "Davidagye won by resignation"]

1. b4 Nf6 2. Bb2 e6 3. a3 Be7 4.
Nf3 d5 5. e3 Nbd7 6. c4 c6 7.
d4 dxc4 8. Bxc4 O-O 9. O-O a6 10. Qe2 b5 11. Bb3 Bb7 12. Rd1 Ne4 13. Nbd2 Ndf6 14.
Qd3 Nxd2 15. Nxd2 Rc8 16. Ne4 Nxe4 17. Qxe4 Qc7 18. Qg4 Bf6 19. f4 Rcd8 20. Rac1 Qb6 21. Rc5 Qc7 22. Rh5 Bc8 23. Qg3 g6 24. Rc1 Bg7 25. Rhc5 Rfe8 26. h4 Bf8 27. Rxc6 Qd7 28. Rc7 Qd6 29. R1c6 1-0

[Event "Live Chess"]
[Site "Chess.com"]
[Date "2023.05.21"]
[Round "-"]
[White "TheSmoulderingMaster"]
[Black "Brooms1989"]
[Result "1-0"]
[WhiteElo "1721"]
[BlackElo "1109"]
[TimeControl "300"]
[EndTime "2:53:08 PDT"]
[Termination "TheSmoulderingMaster won by resignation"]

1. e4 e5 2. Nf3 Nc6 3. Bb5 a6 4. Ba4 Nf6 5. O-O Bc5 6. c3 Bb6 7. d4 d6 8. dxe5 dxe5 9. Nxe5 Bd7 10. Nxd7 Qxd7 11. Qf3 O-O 12. Nd2 Rfe8 13. Nc4 Rxe4 14. Bb3 Rae8 15. Bg5 Qe7 16. Bxf6 Qxf6 17. Qxf6 gxf6 18.
Nxb6 cxb6 19. g3 Na5 20. Bc2 Re2 21. Rac1 Nc4 22. Bd3 Rxb2 23. Bxc4 Rd8 24. Rfe1 Rdd2 25. Rf1 Kg7 26. Rce1 Kh6 27. Re7 Kg5 28. Rxf7 Kg4 29. Rg7+ Kf3 30. Rf7 Kg4 31. Rxf6 h5 32. Be6+ Kg5 33.
Rf8 h4 34. Rg8+ Kf6 35. Bc4 hxg3 36. hxg3 Kf5 37. Rf8+ Kg4 38. Rf4+ Kg5 39. Rf7 Kg4 40.
Rxb7 b5 41. Be6+ Kf3 42. Ra7 Rxf2 43. Rf7+ Kxg3 44. R7xf2 Rxf2 45. Rxf2 1-0

[Event "Live Chess"]
[Site "Chess.com"]
[Date "2023.05.21"]
[Round "-"]
[White "JackCheetham1"]
[Black "FMOlexandrProhorov"]
[Result "0-1"]
[WhiteElo "1703"]
[BlackElo "2182"]
[TimeControl "300"]
[EndTime "2:53:10 PDT"]
[Termination "FMOlexandrProhorov won on time"]

1. e4 c5 2. Nf3 e6 3. d4 cxd4 4. Nxd4 Qb6 5. Nc3 Bc5 6. Be3 Nf6 7. Rb1 Nc6 8. Nxc6 Bxe3 9. fxe3 Qxe3+ 10. Be2 bxc6 11. Qd2 Qxd2+ 12. Kxd2 d5 13. Bf3 O-O 14. exd5 exd5 15. Rhe1 Bf5 16. Rbd1 Rfe8 17. Kc1 Kf8 18. h3 Rab8 19. Ne2 Ne4 20. Nd4 Bg6 21. Nxc6 Rb6 22.
Nd4 Rc8 23. c3 Ra6 24. a3 Rb6 25. Nc2 Nf2 26. Rd2 Nd3+ 27. Kd1 Nxe1 28. Kxe1 Rxb2 29. Kd1 Rxc3 0-1

[Event "Live Chess"]
[Site "Chess.com"]
[Date "2023.05.21"]
[Round "-"]
[White "GwaryTek"]
[Black "MrBlond89"]
[Result "1-0"]
[WhiteElo "2049"]
[BlackElo "1351"]
[TimeControl "300"]
[EndTime "2:53:16 PDT"]
[Termination "GwaryTek won on time"]

1. d4 d5 2. c4 e5 3. dxe5 d4 4. Nf3 Nc6 5. Nbd2 Nge7 6. g3 Ng6 7. Bg2 Ngxe5 8. O-O Be6 9. b4 Nxf3+ 10. Bxf3 Bxb4 11. Qa4 O-O 12. Bxc6 Bxd2 13. Bxb7 Rb8 14. Qxa7 Bxc1 15.
Rfxc1 Bh3 16. a4 Re8 17. Bf3 c5 18. Qxc5 d3 19. Rd1 Qf6 20. Qh5 dxe2 21. Bxe2 Rxe2 22.
Qxe2 Qc6 23. Rd5 h6 24. a5 Re8 25. Qd3 Qe6 26. Rd8 Rxd8 27. Qxd8+ Kh7 28. Qd3+ g6 29. Rd1 1-0

[Event "Live Chess"]
[Site "Chess.com"]
[Date "2023.05.21"]
[Round "-"]
[White "apl_trainer"]
[Black "AttackingSnowLeopard"]
[Result "0-1"]
[WhiteElo "1748"]
[BlackElo "2208"]
[TimeControl "300"]
[EndTime "2:53:33 PDT"]
[Termination "AttackingSnowLeopard won by resignation"]

1. d4 Nf6 2. c4 c6 3. Nc3 d5 4. Nf3 dxc4 5. a4 Bf5 6. e3 e6 7. Bxc4 Bb4 8. O-O O-O 9. Qe2 Nbd7 10.
e4 Bg6 11. Bd3 Bh5 12. e5 Nd5 13. Nxd5 cxd5 14. Qe3 Be7 15. a5 Bg6 16. Bxg6 fxg6 17. Ng5 Bxg5 18. Qxg5 Qxg5 19. Bxg5 Rfc8 20. Rfc1 Kf7 21.
Kf1 h6 22. Bd2 g5 23. Bb4 Nf8 24. Bd6 Ng6 25. g3 Ke8 26. Ke2 Kd7 27. Bc5 Rc6 28.
Rc3 a6 29. Rac1 Rac8 30. b4 Nh8 31. Rb1 Nf7 32. b5 axb5 33. Rxb5 Nd8 34. Rcb3 Ra6 35.
Bd6 Rc4 36. Kd3 Ra4 37. Rc3 Rc6 38. Rcb3 Rcc4 39. Ke2 Rxd4 40. Rxb7+ Nxb7 41. Rxb7+ Kd8 42. Rxg7 Re4+ 43. Kf1 d4 44. Rb7 d3 45. Rb2 Ra1+ 46. Kg2 Re2 47. Rb8+ Kd7 48. Rb7+ Kc6 49. Rc7+ Kd5 0-1

[Event "Live Chess"]
[Site "Chess.com"]
[Date "2023.05.21"]
[Round "-"]
[White "PrinceCharming_1"]
[Black "Pablo_dmp"]
[Result "0-1"]
[WhiteElo "1616"]
[BlackElo "1859"]
[TimeControl "300"]
[EndTime "2:53:39 PDT"]
[Termination "Pablo_dmp won by resignation"]

1. e3 d5 2. d4 Nf6 3. Nf3 Bf5 4. Bd3 Bg6 5. Bxg6 hxg6 6. c4 e6 7. Bd2 a6 8. cxd5 exd5 9. Nc3 Bd6 10. Qb3 Nbd7 11. Nxd5 Nxd5 12. Qxd5 Nf6 13. Qb3 b5 14. h3 Ne4 15. Qd3 f5 16. O-O Qe7 17. Ne5 Bxe5 18.
dxe5 Rd8 19. Qc3 0-1

[Event "Live Chess"]
[Site "Chess.com"]
[Date "2023.05.21"]
[Round "-"]
[White "LiamClery2020"]
[Black "Tech_Titan"]
[Result "1-0"]
[WhiteElo "1984"]
[BlackElo "1105"]
[TimeControl "300"]
[EndTime "2:53:54 PDT"]
[Termination "LiamClery2020 won by checkmate"]

1. e4 e5 2. Nc3 Nc6 3. Bc4 Bc5 4. Qg4 Nf6 5. Qxg7 Rf8 6. d3 h5 7. Bg5 d6 8. Bxf6 Qd7 9. Nf3 a6 10. Nd5 b5 11. Be7 bxc4 12. Qxf8# 1-0

[Event "Live Chess"]
[Site "Chess.com"]
[Date "2023.05.21"]
[Round "-"]
[White "VovaOvchar1990"]
[Black "wadsy27"]
[Result "0-1"]
[WhiteElo "1222"]
[BlackElo "2555"]
[TimeControl "300"]
[EndTime "2:53:58 PDT"]
[Termination "wadsy27 won by checkmate"]

1. e4 e6 2. Bc4 d5 3. exd5 exd5 4. Bb3 Nf6 5. Nf3 Bd6 6. O-O O-O 7. h3 Bf5 8. d3 c6 9. c3 Bc7 10. Bc2 Qd6 11. d4 Be4 12. g3 Nbd7 13. Bf4 Qe6 14. Bxc7 Qxh3 15. Nh2 Qg2# 0-1

[Event "Live Chess"]
[Site "Chess.com"]
[Date "2023.05.21"]
[Round "-"]
[White "lHolyDiverl"]
[Black "Duke_of_Bebington"]
[Result "0-1"]
[WhiteElo "555"]
[BlackElo "1587"]
[TimeControl "300"]
[EndTime "2:54:05 PDT"]
[Termination "Duke_of_Bebington won on time"]

1. d4 d5 2. Nc3 Nf6 3. Bf4 c6 4. e3 Bf5 5. Bd3 Bxd3 6. Qxd3 e6 7.
Nf3 Nbd7 8. O-O Be7 9. Rfe1 Qb6 10. Rab1 O-O 11. e4 dxe4 12. Nxe4 Nxe4 13. Rxe4 Nf6 14. Ree1 Nd5 15. Be5 Bf6 16. h3 Rad8 17.
Re4 Nb4 18. Qd2 Bxe5 19. Rxe5 Rd5 20. Rxd5 Nxd5 21. b3 Qb4 22. Re1 Qxd2 23. Nxd2 Nc3 24. a4 Rd8 25. Nf3 b5 26. a5 b4 27. Re5 Rd5 28.
a6 Kf8 29. Rxd5 Nxd5 30. Ne5 Nc7 31. Nxc6 Nxa6 32. Nxa7 Ke8 33. Nc6 Kd7 34. Ne5+ Ke7 35. Kf1 f6 36. Nc6+ Kd6 37. Nd8 Kd7 38. Nf7 Nc7 39.
Ke2 Nd5 40. Kd3 Ke7 41. Nh8 Kf8 42. Kc4 Kg8 43. Kc5 Kxh8 0-1

[Event "Live Chess"]
[Site "Chess.com"]
[Date "2023.05.21"]
[Round "-"]
[White "PetorPrydatko"]
[Black "martynstanley"]
[Result "0-1"]
[WhiteElo "355"]
[BlackElo "1011"]
[TimeControl "300"]
[EndTime "2:54:09 PDT"]
[Termination "martynstanley won by checkmate"]

1. d4 e6 2. c3 d5 3. c4 c5 4.
b3 Nc6 5. dxc5 Bxc5 6. cxd5 exd5 7. b4 Bxb4+ 8. Bd2 Bc5 9. Nc3 Qb6 10. Nxd5 Bxf2# 0-1